Map: Berlingrad LE

Players

Dark

  • Race: Zerg Zerg

Gerald - Winner!

  • Race: Protoss Protoss
  • League: Master

VOD

Have the link to the VOD?

Description

Time

  • Played on: March 7, 2022, 8:59 p.m.
  • Length: 8:23
Show
View Real Time Build Order
Export as new Build Order

Dark Zerg 

Build Orders: Hatch First 

Get SALT Encoding   

  12  0:00  Drone  
  13  0:12  Overlord  
  13  0:19  Drone  
  14  0:31  Drone x2  
  16  0:37  Drone  
  17  0:52  Hatchery  
  16  0:57  Drone  
  16  0:58  Drone  
  18  1:14  Spawning Pool  
  17  1:18  Drone x2  
  17  1:20  Extractor  
  18  1:29  Drone  
  19  1:39  Drone  
  20  1:50  Drone  
  21  2:01  Zergling x2  
  22  2:03  Queen  
  22  2:05  Queen  
  22  2:06  Zergling x2  
  27  2:11  Overlord  
  27  2:22  Drone  
  28  2:23  Metabolic Boost  
  28  2:30  Hatchery  
  28  2:31  Drone  
  28  2:34  Drone  
  29  2:42  Queen  
  30  2:50  Drone  
  30  2:51  Drone  
  32  2:52  Overlord  
  32  3:00  Zergling x4  
  32  3:04  Drone  
  35  3:06  Drone  
  36  3:13  Drone  
  36  3:15  Drone  
  36  3:16  Drone x2  
  40  3:23  Queen  
  40  3:26  Overlord  
  42  3:29  Drone  
  42  3:31  Evolution Chamber  
  42  3:34  Baneling Nest, Drone  
  41  3:36  Extractor  
  41  3:40  Drone  
  42  3:42  Drone x2  
  42  3:48  Drone x3  
  47  3:53  Drone x3  
  50  4:00  Zerg Melee Weapons Level 1  
  50  4:09  Drone x2  
  51  4:15  Drone  
  51  4:16  Drone x3  
  52  4:19  Drone  
  53  4:24  Spore Crawler  
  53  4:26  Queen  
  53  4:29  Zergling x2  
  53  4:30  Zergling x2  
  56  4:34  Zergling x2  
  56  4:35  Zergling x2  
  58  4:41  Overlord  
  58  4:45  Spore Crawler  
  58  4:47  Baneling  
  58  4:48  Baneling x3  
  58  4:51  Overlord  
  57  4:53  Baneling x2  
  57  4:59  Queen  
  58  5:10  Zergling x22  
  64  5:27  Zergling x6  
  66  5:28  Drone x3  
  66  5:29  Drone x2  
  66  5:33  Spore Crawler  
  70  5:41  Baneling x5  
  67  5:48  Zergling x10  
  62  6:04  Drone x3  
  65  6:14  Drone  
  65  6:15  Hatchery, Queen  
  65  6:18  Drone  
  68  6:21  Overlord  
  68  6:23  Overlord  
  68  6:26  Zerg Missile Weapons Level 1  
  67  6:35  Roach Warren  
  67  6:36  Lair  
  67  6:39  Drone x2  
  68  6:40  Drone  
  68  6:43  Drone  
  68  6:44  Drone  
  68  6:46  Drone  
  72  6:47  Drone  
  73  6:54  Drone x2  
  73  6:57  Extractor  
  73  6:58  Extractor  
  73  7:07  Drone x2  
  75  7:08  Baneling x4  
  75  7:09  Overlord x3  
  75  7:14  Overlord  
  73  7:32  Drone x2  
  73  7:33  Drone x3  
  73  7:35  Roach x3  
  82  7:37  Roach  
  82  7:38  Roach  
  82  7:42  Roach  
  88  7:45  Roach  
  90  7:52  Roach x2  
  94  7:58  Ravager x2  
  94  7:59  Ravager  
  94  8:01  Roach x2  
Show
View Real Time Build Order
Export as new Build Order

Gerald Protoss - Winner!

Build Orders: 1 Gate Expand, Zealot Archon, Dark Templar Rush 

Get SALT Encoding   

  12  0:00  Probe  
  13  0:13  Probe  
  14  0:19  Pylon  
  14  0:25  Probe  
  15  0:38  Probe (Chrono Boost)  
  15  0:42  Gateway  
  16  0:47  Probe (Chrono Boost)  
  17  0:50  Assimilator  
  17  0:52  Probe (Chrono Boost)  
  19  1:04  Probe  
  19  1:16  Probe  
  20  1:25  Nexus  
  20  1:35  Cybernetics Core  
  20  1:38  Probe  
  21  1:43  Assimilator  
  21  1:50  Probe  
  22  1:55  Pylon  
  22  2:02  Probe  
  23  2:10  Adept (Chrono Boost)  
  23  2:15  Probe  
  26  2:19  Twilight Council  
  26  2:22  Warp Gate  
  26  2:30  Stalker (Chrono Boost)  
  26  2:33  Probe  
  29  2:39  Probe  
  30  2:45  Probe  
  31  2:51  Probe  
  31  2:57  Probe  
  33  2:58  Robotics Facility  
  33  3:03  Probe  
  33  3:04  Adept  
  36  3:09  Probe  
  37  3:15  Probe  
  38  3:21  Probe  
  39  3:27  Gateway, Probe, Dark Shrine  
  39  3:33  Probe, Pylon  
  41  3:40  Probe  
  42  3:43  Gateway  
  42  3:45  Warp Prism (Chrono Boost)  
  44  3:50  Probe  
  44  3:54  Pylon  
  45  3:58  Assimilator  
  45  3:59  Probe  
  45  4:02  Probe  
  47  4:11  Probe  
  46  4:18  Probe, Assimilator  
  46  4:23  Forge, Probe  
  46  4:24  Pylon  
  46  4:31  Probe  
  47  4:35  Gateway  
  47  4:43  Shield Battery  
  47  4:44  Dark Templar x3  
  53  4:46  Probe  
  53  4:48  Pylon  
  54  5:02  Probe  
  54  5:06  Probe  
  56  5:14  Probe  
  56  5:17  Blink (Chrono Boost)  
  56  5:18  Probe  
  58  5:21  Nexus  
  58  5:23  Pylon  
  58  5:27  Probe  
  59  5:30  Probe  
  59  5:34  Dark Templar x3  
  66  5:39  Probe  
  69  5:42  Immortal  
  69  5:43  Probe  
  68  5:51  Probe  
  69  6:03  Probe  
  65  6:07  Gateway x2  
  65  6:10  Gateway  
  65  6:11  Dark Templar x2  
  65  6:14  Dark Templar  
  65  6:15  Probe  
  65  6:17  Gateway, Archon  
  71  6:24  Gateway  
  71  6:28  Shield Battery  
  71  6:29  Pylon  
  71  6:31  Probe, Archon  
  73  6:32  Probe  
  73  6:36  Probe  
  74  6:43  Probe  
  74  6:44  Stalker x2, Probe  
  80  6:53  Probe  
  81  6:55  Probe  
  81  6:57  Probe  
  81  6:59  Pylon  
  83  7:02  Stalker  
  83  7:03  Stalker x2  
  83  7:06  Zealot  
  91  7:12  Probe x2  
  91  7:14  Pylon  
  91  7:15  Dark Templar x2  
  97  7:16  Zealot  
  97  7:19  Pylon  
  99  7:24  Immortal  
  103  7:33  Zealot x3  
  103  7:34  Archon  
  103  7:36  Stalker  
  111  7:45  Stalker x2  
  111  7:48  Stalker, Pylon  
  111  7:49  Stalker  
  119  7:56  Zealot x2  
  119  7:58  Zealot  
  125  8:04  Probe  
  125  8:05  Zealot  
  123  8:12  Zealot x4  
Tags
 
Add a new tag
Caveats
  • Supply blocks, unpowered buildings, or Contaminate may cause inaccurate times.
  • Supply counts are checked every 10 seconds.